 Dungeon Crawl Stone Soup version 0.20.1-1-g8b1a95d (webtiles) character file.

4013 Edwards80 the Basher (level 10, 0/90 HPs)
             Began as a Minotaur Berserker on Dec 26, 2017.
             Was an Elder of Trog.
             Killed from afar by an electric eel (4 damage)
             ... with a bolt of electricity
             ... on level 8 of the Dungeon.
             The game lasted 00:22:54 (6279 turns).

Edwards80 the Basher (Minotaur Berserker)           Turns: 6279, Time: 00:22:56

Health: 0/90       AC: 11    Str: 26    XL:     10   Next: 3%
Magic:  12/12      EV: 11    Int:  4    God:    Trog [****..]
Gold:   341        SH: 10    Dex:  9    Spells: 13/13 levels left

rFire    + . .     SeeInvis .   a - +2 flail (crush)
rCold    . . .     Gourm    .   v - +0 shield
rNeg     . . .     Faith    .   y - +1 scale mail {rC+}
rPois    +         Spirit   .   (helmet restricted)
rElec    .         Reflect  .   (no cloak)
rCorr    .         Harm     .   (no gloves)
MR       .....                  (no boots)
Stlth    +.........             (no amulet)
Regen    0.3/turn               n - ring of fire
MPRegen  0.2/turn               A - ring of poison resistance

@: no status effects
A: retaliatory headbutt, horns 2, icy blue scales 1, poison resistance, wild
magic 1, evolution 1
a: Berserk, Trog's Hand, Brothers in Arms, Burn Spellbooks, Renounce Religion


You were on level 8 of the Dungeon.
You worshipped Trog.
Trog was greatly pleased with you.
You were full.

You visited 1 branch of the dungeon, and saw 8 of its levels.

You collected 510 gold pieces.
You spent 169 gold pieces at shops.

Inventory:

Hand Weapons
 a - a +2 flail of crushing (weapon)
 b - a +0 hand crossbow
 i - a +0 vampiric whip
 x - a +2 mace of holy wrath
Missiles
 D - 89 bolts
Armour
 v - a +0 shield (worn)
 y - a +1 scale mail of cold resistance (worn)
Jewellery
 n - a ring of fire (left hand)
 A - a ring of poison resistance (right hand)
Wands
 w - a wand of digging (9/24)
 E - a wand of paralysis (10/24)
 F - a wand of lightning (6/15)
Scrolls
 d - 3 scrolls of fear
 e - 2 scrolls of amnesia {unknown}
 f - 5 scrolls of identify
 g - 2 scrolls of immolation
 h - 4 scrolls of teleportation
 k - a scroll of recharging {unknown}
 q - 2 scrolls of remove curse
 s - 2 scrolls of enchant weapon {unknown}
 G - a scroll of fog {unknown}
Potions
 l - a potion of brilliance {unknown}
 m - 4 potions of curing
 o - a potion of heal wounds {unknown}
 p - 5 potions of flight
 r - a potion of haste {unknown}
 u - a potion of agility {unknown}
 B - 3 potions of degeneration {unknown}
 C - 2 potions of lignification {unknown}
Comestibles
 c - 8 bread rations
 j - 4 meat rations


   Skills:
 + Level 8.4 Fighting
 + Level 10.5 Maces & Flails
 + Level 3.6 Throwing
 + Level 8.1 Armour
 + Level 5.8 Dodging
 + Level 4.1 Stealth
 + Level 5.7 Shields
 + Level 4.0 Unarmed Combat
 + Level 2.4 Spellcasting
 + Level 3.3 Evocations


You had 13 spell levels left.
You didn't know any spells.

Dungeon Overview and Level Annotations

Branches:
Dungeon (8/15)             Temple (0/1) D:7            Lair (0/6) D:8

Altars:
Hepliaklqana
Uskayaw
Xom

Shops:
D:4 (   D:5 ?   D:6 (

Annotations:
D:7 4 runed doors


Innate Abilities, Weirdness & Mutations

You reflexively headbutt those who attack you in melee.
You have a pair of horns on your head.
You are partially covered in icy blue scales. (AC +2)
Your system is resistant to poisons. (rPois)
Your spells are a little harder to cast, but a little more powerful.
You evolve.


Message History

The electric eel shoots out a bolt of lightning at you!
The bolt of electricity hits you! You block the hound's attack.
The electric eel shoots out a bolt of lightning at you!
The bolt of electricity hits you!
* * * LOW HITPOINT WARNING * * *
The bolt of electricity hits you!
* * * LOW HITPOINT WARNING * * *
Your surroundings suddenly seem different.
Found a potion of curing.
Found a staircase to the Lair.
You see here a potion of curing.
m - 4 potions of curing (gained 1)
The electric eel shoots out a bolt of lightning at you!
The bolt of electricity hits you!
* * * LOW HITPOINT WARNING * * *
The bolt of electricity hits you!
* * * LOW HITPOINT WARNING * * *
The electric eel shoots out a bolt of lightning at you!
The bolt of electricity hits you!
You die...

.......##.[..≈≈≈≈..>...
........
............≈≈.≈≈≈...≈≈≈
≈;≈≈...
.........#....≈≈≈..≈...≈
≈......
.........#..≈≈.≈≈≈≈.≈≈;≈
≈≈≈≈...
..............≈≈≈≈≈≈≈≈≈≈
..............≈..≈≈≈.≈≈.
............≈;...≈.≈....
....................≈...
..........######@######
........### #.#
.....#### #.# .##### #.#
## #.# #.. #########...
... #...........< ###
.............#


You could see 2 electric eels.

Vanquished Creatures
  2 trolls (D:8)
  Prince Ribbit (D:8)
  A hippogriff (D:8)
  A sky beast (D:5)
  A black bear (D:3)
  2 ogres
  3 centaurs
  A wolf (D:8)
  A bullfrog (D:8)
  A water moccasin skeleton (D:6)
  A howler monkey (D:4)
  4 crimson imps
  3 jellies
  A bullfrog skeleton (D:7)
  6 orc priests
  6 hounds
  Terence (D:3)
  10 orc wizards
  Natasha (thrice) (D:2)
  6 worker ants
  A hound zombie (D:5)
  2 hound skeletons (D:7)
  Robin (D:2)
  3 gnolls (D:3)
  6 adders
  3 shadow imps
  An ooze (D:3)
  2 dart slugs (D:2)
  5 leopard geckos
  26 orcs
  3 giant cockroaches
  9 goblins
  11 hobgoblins
  13 jackals
  3 quokkas
  2 ball pythons
  6 bats
  6 frilled lizards
  10 kobolds
  9 rats
177 creatures vanquished.

Notes
Turn   | Place    | Note
-------+----------+-------------------------------------------
     0 | D:1      | Edwards80 the Minotaur Berserker began the quest for the Orb.
     0 | D:1      | Reached XP level 1. HP: 19/19 MP: 0/0
   227 | D:1      | Reached XP level 2. HP: 27/27 MP: 1/1
   289 | D:1      | Reached skill level 4 in Maces & Flails
   650 | D:2      | Noticed Robin
   659 | D:2      | Reached XP level 3. HP: 33/33 MP: 2/2
   660 | D:2      | Reached ** piety under Trog
   671 | D:2      | Killed Robin
   704 | D:2      | Found a hide-covered altar of Uskayaw.
   871 | D:2      | Reached XP level 4. HP: 37/41 MP: 3/3
   877 | D:2      | Reached skill level 5 in Maces & Flails
  1195 | D:2      | Noticed Natasha
  1201 | D:2      | Killed Natasha
  1309 | D:2      | Noticed Natasha
  1309 | D:2      | Killed Natasha
  1421 | D:2      | Noticed Natasha
  1428 | D:2      | Killed Natasha
  1428 | D:2      | Reached XP level 5. HP: 47/47 MP: 4/4
  1556 | D:3      | Noticed Terence
  1569 | D:3      | Killed Terence
  1636 | D:3      | Reached skill level 5 in Fighting
  1881 | D:3      | Reached *** piety under Trog
  1935 | D:3      | Noticed a black bear
  1942 | D:3      | Killed a black bear
  1942 | D:3      | Reached skill level 6 in Maces & Flails
  1942 | D:3      | Reached XP level 6. HP: 55/56 MP: 5/5
  2187 | D:3      | Found a shimmering altar of Xom.
  2327 | D:4      | Got a steaming leather armour
  2338 | D:4      | Identified the +0 leather armour "Qagroh" {rC++ Str-5} (You found it on level 4 of the Dungeon)
  2541 | D:4      | Found Biaqiphe's Antique Weapon Emporium.
  2704 | D:4      | Found a hazy altar of Hepliaklqana.
  2928 | D:5      | Entered Level 5 of the Dungeon
  2933 | D:5      | Reached skill level 7 in Maces & Flails
  2938 | D:5      | Reached XP level 7. HP: 60/61 MP: 6/6
  3254 | D:5      | Reached skill level 5 in Armour
  3254 | D:5      | Reached skill level 1 in Stealth
  3281 | D:5      | Gained mutation: Armour fits poorly on your strangely shaped body. [mutagenic meat]
  3284 | D:5      | Gained mutation: Your spells are a little harder to cast, but a little more powerful. [mutagenic meat]
  3285 | D:5      | Gained mutation: You are partially covered in icy blue scales. (AC +2) [mutagenic meat]
  3286 | D:5      | Gained mutation: You evolve. [mutagenic meat]
  3288 | D:5      | Gained mutation: Your system is resistant to poisons. (rPois) [mutagenic meat]
  3458 | D:5      | Found Vytax's Magic Scroll Emporium.
  3634 | D:6      | Reached skill level 8 in Maces & Flails
  3739 | D:6      | Reached **** piety under Trog
  3794 | D:6      | Reached skill level 1 in Shields
  3794 | D:6      | Reached XP level 8. HP: 70/70 MP: 7/7
  3816 | D:6      | Reached skill level 9 in Maces & Flails
  3816 | D:6      | Reached skill level 5 in Dodging
  3816 | D:6      | Reached XP level 9. HP: 80/80 MP: 7/11
  4194 | D:6      | Found Cyon's Antique Weapon Boutique.
  4197 | D:6      | Bought a runed flail for 169 gold pieces
  4556 | D:7      | Found a staircase to the Ecumenical Temple.
  5013 | D:7      | Reached skill level 10 in Maces & Flails
  5013 | D:7      | Reached skill level 5 in Shields
  5103 | D:7      | Found a huge runed gate.
  5105 | D:7      | Found a huge runed gate.
  5105 | D:7      | Found a huge runed gate.
  5105 | D:7      | Noticed a manticore
  5105 | D:7      | Noticed a polar bear
  5106 | D:7      | Found a huge runed gate.
  5106 | D:7      | Noticed a polar bear
  5238 | D:8      | Noticed Prince Ribbit
  5245 | D:8      | Killed Prince Ribbit
  5292 | D:8      | Noticed a troll
  5301 | D:8      | Killed a troll
  5656 | D:8      | Noticed a troll
  5663 | D:8      | Killed a troll
  5795 | D:8      | Reached XP level 10. HP: 26/90 MP: 12/12
  6186 | D:8      | Lost mutation: Armour fits poorly on your strangely shaped body. [evolution]
  6274 | D:8      | Found a staircase to the Lair.
  6279 | D:8      | HP: 4/90 [electric eel/bolt of electricity (9)]
  6279 | D:8      | Killed from afar by an electric eel

Skill      XL: |  1  2  3  4  5  6  7  8  9 |
---------------+----------------------------+-----
Fighting       | 4 5 6 7 8 |  8.4
Maces & Flails | 4 5 6 7 8 9 10 | 10.5
Armour         | 3 4 5 7 8 |  8.1
Dodging        | 3 5 |  5.8
Stealth        | 1 3 4 |  4.1
Shields        | 1 4 5 |  5.7
Throwing       | 3 |  3.6
Unarmed Combat | 4 |  4.0
Spellcasting   | 2 |  2.4
Evocations     | 3 |  3.3

Action                   |  1- 3 |  4- 6 |  7- 9 | 10-12 || total
-------------------------+-------+-------+-------+-------++-------
Melee: Mace              |    69 |   104 |    99 |       ||   272
       Headbutt          |     9 |    21 |    38 |     5 ||    73
       Flail             |       |       |   136 |    22 ||   158
Invok: Berserk           |     1 |       |     4 |       ||     5
       Burn Spellbooks   |       |       |     1 |       ||     1
Evoke: Wand              |       |       |     2 |       ||     2
  Use: Scroll            |     2 |     1 |     6 |     1 ||    10
       Potion            |       |       |     1 |       ||     1
 Stab: Sleeping          |     1 |       |       |       ||     1
       Paralysed         |       |       |     3 |       ||     3
  Eat: Chunk             |     1 |     5 |    16 |     1 ||    23
       Royal jelly       |       |     1 |       |       ||     1
       Fruit             |       |       |     3 |       ||     3
       Meat ration       |       |       |       |     1 ||     1
Armor: Animal skin       |     4 |       |       |       ||     4
       Chain mail        |    43 |    22 |       |       ||    65
       Scale mail        |       |    28 |    72 |     4 ||   104
Dodge: Dodged            |    41 |    50 |    82 |    11 ||   184
Block: Shield            |       |       |    88 |     9 ||    97
